 Dungeon Crawl Stone Soup version 0.30.0-10-gfe55d96785 (webtiles) character file.

Game seed: 11671851627921786041

454 cheesebisquit the Chopper (level 6, -1/46 (55) HPs)
             Began as a Minotaur Berserker on May 15, 2023.
             Was a Priest of Trog.
             Slain by a wight
             ... wielding a +4 great sword
              (3 damage)
             ... on level 4 of the Dungeon.
             The game lasted 00:06:57 (2827 turns).

cheesebisquit the Chopper (Minotaur Berserker)      Turns: 2827, Time: 00:06:58

HP:   -1/46 (55)    AC: 11    Str: 23    XL:     6   Next: 76%
MP:   5/5           EV: 11    Int:  3    God:    Trog [***...]
Gold: 182           SH:  0    Dex: 13    Spells: 5/5 levels left

rFire   + . .        a - +0 hand axe
rCold   + . .        (no shield)
rNeg    . . .        o - +0 scale mail
rPois   +            (helmet restricted)
rElec   +            e - +0 cloak
rCorr   +            i - +0 pair of gloves
SInv    .            (no boots)
Will    .....        (no amulet)
Stlth   +            (no ring)
HPRegen 0.27/turn    (no ring)
MPRegen 0.09/turn

%: no passive effects
@: resistant, heavily drained
A: horns 2, retaliatory headbutt, iridescent scales 1, agile 1, wild magic 1,
inability to drink after injury 1
a: Renounce Religion, Berserk, Trog's Hand


You were on level 4 of the Dungeon.
You worshipped Trog.
Trog was most pleased with you.
You visited 1 branch of the dungeon, and saw 4 of its levels.

You collected 182 gold pieces.

Inventory:

Hand Weapons
 a - a +0 hand axe (weapon)
Missiles
 g - 5 javelins (quivered)
Armour
 e - a +0 cloak (worn)
 i - a +0 pair of gloves (worn)
 o - a +0 scale mail (worn)
Jewellery
 x - an amulet of reflection
Wands
 s - a wand of polymorph (4)
Scrolls
 j - 5 scrolls of identify {unknown}
 k - 2 scrolls of enchant armour {unknown}
 l - a scroll of enchant weapon {unknown}
 m - a scroll of noise {unknown}
 p - a scroll of poison {unknown}
 q - a scroll of amnesia {unknown}
 r - 2 scrolls of fog {unknown}
 t - a scroll of magic mapping {unknown}
 y - 2 scrolls of fear {unknown}
 z - a scroll of teleportation {unknown}
Potions
 c - a potion of lignification {unknown}
 d - a potion of curing {unknown}
 f - a potion of mutation
 n - a potion of attraction {unknown}
 u - a potion of magic {unknown}
 v - a potion of invisibility {unknown}
 w - a potion of haste {unknown}


   Skills:
 + Level 4.8 Fighting
 * Level 6.3 Axes
 + Level 4.0 Armour
 + Level 3.8 Dodging
 + Level 2.2 Stealth


You had 5 spell levels left.
You didn't know any spells.
Your spell library was empty.

Dungeon Overview and Level Annotations

Branches:
Dungeon (4/15)
 Temple: D:4-7

Altars:
Ashenzari
Dithmenos

Shops:
D:2 [


Innate Abilities, Weirdness & Mutations

You have a pair of horns on your head.
You reflexively headbutt those who attack you in melee.
You are partially covered in iridescent scales. (AC +2)
You are agile. (Dex +4, Str/Int -1)
Your spells are a little harder to cast, but a little more powerful.
You occasionally lose the ability to drink potions when taking damage.


Message History

Trog accepts your kill.
You hit the wight.
The wight is lightly damaged.
The wight hits you with a +4 great sword.
You feel drained.
You hit the wight.
The wight is lightly damaged.
The wight barely misses you.
You hit the wight.
The wight is lightly damaged.
The wight hits you with a +4 great sword!
* * * LOW HITPOINT WARNING * * *
You feel much better.
The wight hits you with a +4 great sword!!
* * * LOW HITPOINT WARNING * * *
You feel much better. The wight closely misses you.
You hit the wight but do no damage. You headbutt the wight.
The wight is moderately damaged.
The wight hits you with a +4 great sword!
You feel drained.
You hit the wight.
You headbutt the wight, but do no damage.
The wight is heavily damaged.
The wight hits you with a +4 great sword!
* * * LOW HITPOINT WARNING * * *
You feel drained.
* * * LOW HITPOINT WARNING * * *
It was a potion of mutation.
You feel extremely strange.
You feel less in control of your magic.
You occasionally lose the ability to drink potions when taking damage.
Iridescent scales grow over part of your body.
You feel agile.
The wight hits you with a +4 great sword.
* * * LOW HITPOINT WARNING * * *
It was a potion of resistance.
You feel protected.
The wight hits you with a +4 great sword.
* * * LOW HITPOINT WARNING * * *
You feel drained.
You die...

########
#......#
#.##8#.# ###
#.####@# ....
. #.# #z#
..#.## #
#####.##.'.'.#
##..#......
#......###.###
#...#.#)..#
#......# +.+
#.#.#.#._.#
#..<...# #.#
#.#.#.#...#
#......# +.+
#.#.#......
#......# #.#
#...#.#####
###......# +.+
####..........


You could see a wight.

Vanquished Creatures
  An ogre (D:4)
  A scorpion (D:4)
  A jelly (D:4)
  An orc priest (D:4)
  4 orc wizards
  A hound zombie (D:4)
  5 adders
  A worm (D:2)
  8 dart slugs
  3 orcs
  5 bats
  2 endoplasms
  6 giant cockroaches
  5 goblins
  9 hobgoblins
  7 jackals
  7 kobolds
  3 quokkas (D:2)
  5 ball pythons
  4 frilled lizards
  3 rats
82 creatures vanquished.

Notes
Turn   | Place    | Note
-------+----------+-------------------------------------------
     0 | D:1      | cheesebisquit the Minotaur Berserker began the quest for
                  | the Orb.
     0 | D:1      | Reached XP level 1. HP: 19/19 MP: 0/0
   212 | D:1      | Reached XP level 2. HP: 27/27 MP: 1/1
   225 | D:1      | Reached skill level 4 in Axes
  1077 | D:2      | Reached XP level 3. HP: 28/33 MP: 2/2
  1080 | D:2      | Reached ** piety under Trog
  1164 | D:2      | Reached skill level 1 in Stealth
  1312 | D:2      | Reached XP level 4. HP: 39/40 MP: 3/3
  1400 | D:2      | Found Finaponk's Armour Shop.
  1684 | D:3      | Reached skill level 5 in Axes
  1696 | D:3      | Reached XP level 5. HP: 25/46 MP: 4/4
  1824 | D:3      | Identified the +1 hand axe "Ysoleoc" {freeze, Str-2 Int+6}
  2239 | D:4      | Found a shadowy altar of Dithmenos.
  2312 | D:4      | Found a broken altar of Ashenzari.
  2339 | D:4      | Reached *** piety under Trog
  2348 | D:4      | Reached XP level 6. HP: 29/53 MP: 5/5
  2520 | D:4      | Reached skill level 6 in Axes
  2826 | D:4      | Gained mutation: Your spells are a little harder to cast,
                  | but a little more powerful. [potion of mutation]
  2826 | D:4      | Gained mutation: You occasionally lose the ability to drink
                  | potions when taking damage. [potion of mutation]
  2826 | D:4      | Gained mutation: You are partially covered in iridescent
                  | scales. (AC +2) [potion of mutation]
  2826 | D:4      | Gained mutation: You are agile. (Dex +4, Str/Int -1)
                  | [potion of mutation]
  2827 | D:4      | HP: 2/48 [wight/+4 great sword (6)]
  2827 | D:4      | Slain by a wight

Illustrated notes

Levels and vault maps discovered:
D:1:      onia_arrival_mini_maze, layout_loops_ring,
          minmay_misc_feat_more_columns, patterned_corridor
D:2:      layout_basic, serial_shops, shop, minmay_split_cup_small
D:3:      layout_rooms
D:4:      layout_rooms, mainiacjoe_overflow_chevrons,
          lemuel_mausoleum_altar_kikubaaqudgha,
          mainiacjoe_overflow_cross_hatched, serial_glass, glass_columns_c,
          glass_columns_b, minmay_box_of_dots

Skill      XL: |  1  2  3  4  5  6 |
---------------+-------------------+-----
Axes           | 4 5 6 |  6.3
Fighting       | 4 |  4.8
Stealth        | 1 2 |  2.2
Armour         | 3 4 |  4.0
Dodging        | 3 |  3.8

Action                     |  1- 3 |  4- 6 || total
---------------------------+-------+-------++-------
  Melee: Hand axe          |    76 |   127 ||   203
         Headbutt          |    10 |    18 ||    28
         Punch             |       |     1 ||     1
    Use: Potion            |       |     6 ||     6
 Armour: Animal skin       |     3 |       ||     3
         Ring mail         |    21 |    11 ||    32
         Scale mail        |       |    80 ||    80
  Dodge: Dodged            |    52 |    72 ||   124
